 Dungeon Crawl Stone Soup version 0.30.0-15-g856e2d3f33 (webtiles) character file.

Game seed: 8209822261057016274

11186 jtron the Thaumaturge (level 11, -7/75 HPs)
             Began as a Demonspawn Wanderer on May 18, 2023.
             Was a Believer of Vehumet.
             Mangled by Snorg (22 damage)
             ... on level 10 of the Dungeon.
             The game lasted 00:42:30 (10525 turns).

jtron the Thaumaturge (Demonspawn Wanderer)        Turns: 10525, Time: 00:42:30

Health: -7/75      AC: 13    Str: 10    XL:     11   Next: 46%
Magic:  6/14       EV: 12    Int: 34    God:    Vehumet [**....]
Gold:   369        SH:  9    Dex: 13    Spells: 12/26 levels left

rFire   . . .        a - +2 scimitar (flame)
rCold   . . .        (no shield)
rNeg    . . .        w - +2 leather armour of Umoabb {MP-9 Int+8}
rPois   .            (helmet restricted)
rElec   .            r - +0 cloak
rCorr   .            J - +0 pair of gloves
SInv    .            t - +1 pair of boots
Will    .....        m - amulet of reflection
Stlth   +++          D - +4 ring of protection
HPRegen 0.32/turn    x - +6 ring of intelligence
MPRegen 0.14/turn

%: reflection
@: lethally poisoned (-7 -> -11), studying Long Blades
A: horns 2, large bone plates 1, demonic magic 3
a: Renounce Religion


You were on level 10 of the Dungeon.
You worshipped Vehumet.
Vehumet was pleased with you.
You visited 2 branches of the dungeon, and saw 11 of its levels.

You collected 480 gold pieces.
You spent 111 gold pieces at shops.

Inventory:

Hand Weapons
 a - a +2 scimitar of flaming (weapon)
 p - a +0 dagger
 z - a +0 dagger of chaos
 A - a +3 glaive of venom
 O - a +1 vampiric dagger
 Q - a +3 falchion
 T - a +2 falchion of draining
Missiles
 f - 97 stones
 F - 19 poisoned darts (quivered)
 G - a curare-tipped dart
 U - 6 boomerangs
Armour
 r - a +0 cloak (worn)
 s - a +2 robe of willpower
 t - a +1 pair of boots (worn)
 w - the +2 leather armour of Umoabb (worn) {MP-9 Int+8}
   (You found it on level 4 of the Dungeon)

   Int:       It affects your intelligence (+8).
   MP:        It affects your magic capacity (-9).
 J - a +0 pair of gloves (worn)
 V - +1 swamp dragon scales
Magical Staves
 e - a staff of cold
Jewellery
 h - a +6 ring of strength
 m - an amulet of reflection (around neck)
 n - an amulet of faith
 q - a ring of positive energy
 v - the Hermit's Pendant {Faith Invo=14 Evo=0 MP+5}
   (You found it on level 3 of the Dungeon)

   [amulet of faith]

   Invo=14: It sets your Invocations skill to 14.
   Evo=0: It sets your Evocations skill to 0.
   It allows you to gain divine favour quickly.
   MP:        It affects your magic capacity (+5).
 x - a +6 ring of intelligence (right hand)
 C - a ring of ice
 D - a +4 ring of protection (left hand)
 E - a ring of ice
 M - an amulet of the acrobat
 W - a +6 ring of intelligence
Wands
 y - a wand of polymorph (11)
 L - a wand of quicksilver (4)
 R - a wand of mindburst (10)
 S - a wand of roots (3)
Scrolls
 c - 4 scrolls of noise
 d - a scroll of silence
 g - 2 scrolls of teleportation
 i - a scroll of fog
 k - 2 scrolls of immolation
 u - 4 scrolls of fear
 B - a scroll of amnesia
 H - a scroll of magic mapping
 I - 2 scrolls of enchant weapon {unknown}
 N - a scroll of identify
 X - a scroll of poison
Potions
 b - 9 potions of curing
 l - 3 potions of mutation
 o - a potion of might
 K - a potion of magic {unknown}
 P - 2 potions of brilliance


   Skills:
 + Level 3.5 Fighting
 - Level 3.3(5.1) Short Blades
 + Level 6.1(6.5) Long Blades
 + Level 0.1 Throwing
 + Level 0.3 Armour
 + Level 4.0 Dodging
 - Level 6.0 Stealth
 - Level 0.3 Shields
 * Level 8.4 Spellcasting
 * Level 5.7 Conjurations
 + Level 5.9 Summonings
 + Level 4.4 Transmutations
 + Level 5.4 Air Magic
 + Level 5.4 Poison Magic
 + Level 0.5 Evocations


You had 12 spell levels left.
You knew the following spells:

 Your Spells              Type           Power      Damage    Failure   Level
a - Sting                 Tmut/Pois      100%       1d8       1%          1
b - Summon Small Mammal   Summ           100%       N/A       1%          1
c - Mephitic Cloud        Conj/Pois/Air  51%        N/A       1%          3
d - Call Canine Familiar  Summ           53%        N/A       1%          3
e - Shock                 Conj/Air       100%       1d9       1%          1
f - Static Discharge      Conj/Air       100%       2-7/arc   1%          2
g - Tukima's Dance        Hex            14%        N/A       13%         3

Your spell library contained the following spells:

 Spells                   Type           Power      Damage    Failure   Level
 Cigotuvi's Dreadful Rot  Necr/Pois/Air  78%        N/A       1%          2
 Blink                    Tloc           28%        N/A       6%          2
 Ensorcelled Hibernation  Hex/Ice        28%        N/A       6%          2
 Iskenderun's Battlesphe  Conj           52%        2d10      11%         5
 Inner Flame              Hex/Fire       14%        N/A       13%         3
 Fireball                 Conj/Fire      17%        3d9       34%         5
 Silence                  Hex/Air        16%        N/A       36%         5
 Manifold Assault         Tloc           14%        N/A       38%         4
 Yara's Violent Unravell  Hex/Tmut       14%        3d7       43%         5
 Metabolic Englaciation   Hex/Ice        7%         N/A       75%         5
 Spellforged Servitor     Conj/Summ      26%        N/A       97%         7
 Storm Form               Tmut/Air       24%        N/A       99%         7
 Enfeeble                 Hex            7%         N/A       100%        7
 Borgnjor's Revivificati  Necr           7%         N/A       100%        8


Dungeon Overview and Level Annotations

Branches:
Dungeon (10/15)            Temple (1/1) D:5
   Lair: D:8-11         Orc: D:9-12

Altars:
Cheibriados
Dithmenos
Fedhas
Gozag
Hepliaklqana
Kikubaaqudgha
Makhleb
Nemelex Xobeh
Okawaru
Qazlal
Ru
Trog
Uskayaw
Vehumet
Wu Jian
Xom
Yredelemnul

Shops:
D:1 *   D:3 [   D:6 (   D:10 =

Annotations:
D:7 3 runed translucent doors, BlasphemerAmon's ghost, novice FoFi
D:10 Erolcha; Snorg


Innate Abilities, Weirdness & Mutations

You have a pair of horns on your head.
You are partially covered in large bone plates. (SH +4)
Spells you cast and wands you use may paralyse nearby enemies.


Message History

Your rat misses the hornet. The hornet attacks as you move away!
The hornet stings you!
You are more poisoned.
You feel as though you will be slow longer.
You feel very sick.
Your wolf barely misses the hornet.
You block the hornet's attack. Snorg bites you!
* * * LOW HITPOINT WARNING * * *
You block Snorg's attack. Snorg claws you.
* * * LOW HITPOINT WARNING * * *
Your wolf bites the hornet!
Your rat bites the hornet.
The hornet dies!
Vehumet accepts your kill.
You feel much better.
You feel yourself speed up.
You feel very sick.
Snorg looks more healthy.
Your wolf bites Snorg.
Snorg closely misses you.
You block Snorg's attack. x2; Your wolf bites Snorg!
Snorg closely misses you. Snorg barely misses you.
Snorg claws you but does no damage.
An acid dragon comes into view.
Your wolf bites Snorg.
Snorg completely misses you. Snorg claws you.
* * * LOW HITPOINT WARNING * * *
Snorg claws you.
* * * LOW HITPOINT WARNING * * *
Your rat bites Snorg.
You slash Snorg! You burn Snorg. Your headbutt misses Snorg.
Snorg is moderately wounded.
You feel sick.
Your wolf bites Snorg!
Snorg bites your wolf!
Snorg barely misses your wolf. x2; Your wolf barely misses Snorg.
Your rat barely misses Snorg.
You catch the helpless Snorg completely off-guard!
You slash Snorg! You burn Snorg.
Snorg is heavily wounded.
You feel sick.
Snorg barely misses you. x2; You block Snorg's attack.
Your wolf bites Snorg.
Your rat misses Snorg. Snorg closely misses you.
Snorg claws you but does no damage. You block Snorg's attack.
You slash Snorg! You burn Snorg.
Snorg is heavily wounded.
You feel sick.
Your wolf bites Snorg.
Snorg bites you!!
You die...

..# #....##........
......###.........>..
...).........<...##
.......#..........##
....D. ##............
......# #............
.......##.##.........
.(.(...T...##......##
....#hr@..........# .
#............##
.................
...................
.....#...........
.....#.......~~~~
.... ###.....~## ..(.
#.....~#


You could see Snorg (berserk, ally target), an acid dragon, a friendly wolf
(summoned) and a friendly rat (summoned).

Vanquished Creatures
  Erica (D:8)
  2 two-headed ogres (D:9)
  Maggie (D:9)
  A kobold demonologist (D:6)
  A troll (D:10)
  A hornet (D:9)
  Sigmund (D:6)
  A wyvern (D:7)
  A human (D:6)
  9 yaks
  An ice beast (D:8)
  2 orc warriors
  3 black bears
  4 centaurs
  An ogre (D:7)
  2 kobold brigands (D:6)
  4 bullfrogs
  A gnoll sergeant (D:5)
  A scorpion (D:5)
  6 wights
  4 killer bees (D:9)
  5 howler monkeys
  A crimson imp (D:5)
  A hound (D:4)
  2 orc priests
  5 iguanas
  9 orc wizards
  4 gnolls (D:5)
  5 adders
  2 white imps
  4 dart slugs
  20 orcs
  7 bats
  2 endoplasms (D:4)
  4 giant cockroaches
  3 goblins
  A hobgoblin (D:2)
  3 quokkas
  4 ball pythons
  2 frilled lizards
  2 kobolds
  4 rats
138 creatures vanquished.

Vanquished Creatures (collateral kills)
  A two-headed ogre (D:9)
  Pikel (D:6)
  2 trolls (D:9)
  Prince Ribbit (D:5)
  A hornet (D:10)
  7 yaks
  Eustachio (D:5)
  A water moccasin (D:8)
  A black bear (D:5)
  2 orc warriors (D:9)
  A lemure (D:6)
  2 kobold brigands (D:6)
  2 bullfrogs (D:7)
  2 wights (D:9)
  2 howler monkeys (D:8)
  3 orc priests
  Crazy Yiuf (D:5)
  A jelly (D:8)
  A gnoll (D:5)
  A shadow imp (D:5)
  A worm (D:3)
  9 orcs
  A giant cockroach (D:4)
  A hobgoblin (D:3)
  2 kobolds
  2 ball pythons
  A bat (D:3)
  A goblin (D:4)
52 creatures vanquished.

Grand Total: 190 creatures vanquished

Notes
Turn   | Place    | Note
-------+----------+-------------------------------------------
     0 | D:1      | jtron the Demonspawn Wanderer began the quest for the Orb.
     0 | D:1      | jtron set off with the following items: a +0 dagger, a
                  | potion of curing, a +0 robe, a scroll of silence; and the
                  | following spells available to memorise: Summon Small
                  | Mammal, Sting, Cigotuvi's Dreadful Rot, Call Canine
                  | Familiar, Mephitic Cloud.
     0 | D:1      | Reached XP level 1. HP: 16/16 MP: 2/2
     2 | D:1      | Learned a level 1 spell: Sting
     4 | D:1      | Learned a level 1 spell: Summon Small Mammal
   233 | D:1      | Reached skill level 1 in Transmutations
   289 | D:1      | Gained mutation: Spells you cast may paralyse adjacent
                  | enemies. [demonic ancestry]
   289 | D:1      | Reached XP level 2. HP: 21/22 MP: 3/3
   587 | D:1      | Found Woec Dujom's Assorted Antiques.
  1222 | D:2      | Gained mutation: You have a pair of small horns on your
                  | head. [demonic ancestry]
  1222 | D:2      | Reached XP level 3. HP: 28/28 MP: 0/5
  2048 | D:3      | Found Surit's Antique Armour Emporium.
  2082 | D:3      | Bought a glowing robe for 111 gold pieces
  2138 | D:3      | Gained mutation: You are partially covered in large bone
                  | plates. (SH +4) [demonic ancestry]
  2138 | D:3      | Reached XP level 4. HP: 33/34 MP: 4/6
  2243 | D:3      | Reached skill level 1 in Short Blades
  2565 | D:3      | Found a faded altar of an unknown god.
  2565 | D:3      | Found the Hermit's Pendant {Faith Invo=14 Evo=0 MP+5}
  2913 | D:4      | Identified the +2 leather armour of Umoabb {MP-9 Int+8}
  2921 | D:4      | Reached skill level 2 in Spellcasting
  3099 | D:4      | Reached XP level 5. HP: 39/39 MP: 4/8
  3660 | D:5      | Entered Level 5 of the Dungeon
  3911 | D:5      | Found a runed translucent door.
  3911 | D:5      | Noticed Crazy Yiuf
  4008 | D:5      | Reached XP level 6. HP: 43/46 MP: 6/9
  4159 | D:5      | Reached skill level 1 in Dodging
  4215 | D:5      | Noticed Prince Ribbit
  4229 | D:5      | Reached skill level 3 in Spellcasting
  4229 | D:5      | Gained mutation: Spells you cast may paralyse nearby
                  | enemies. [demonic ancestry]
  4229 | D:5      | Reached XP level 7. HP: 51/51 MP: 9/11
  4252 | D:5      | Noticed Eustachio
  4369 | D:5      | Found a sacrificial altar of Ru.
  4373 | D:5      | Found an opulent altar of Gozag.
  4378 | D:5      | Found a sparkling altar of Nemelex Xobeh.
  4413 | D:5      | Found a burning altar of Makhleb.
  4413 | D:5      | Found a shimmering altar of Xom.
  4550 | D:5      | Killed Prince Ribbit
  4551 | D:5      | Found a staircase to the Ecumenical Temple.
  4561 | D:5      | Killed Eustachio
  4562 | D:5      | Reached skill level 4 in Spellcasting
  4562 | D:5      | Reached XP level 8. HP: 41/57 MP: 7/14
  4728 | D:5      | Learned a level 3 spell: Mephitic Cloud
  4732 | D:5      | Learned a level 3 spell: Call Canine Familiar
  4975 | D:5      | Killed Crazy Yiuf
  5066 | D:6      | Reached skill level 1 in Conjurations
  5118 | D:6      | Reached skill level 1 in Air Magic
  5175 | D:6      | Noticed a kobold demonologist
  5199 | D:6      | Noticed an ice devil
  5203 | D:6      | Noticed a hellwing
  5206 | D:6      | Noticed a rust devil
  5300 | D:6      | Found Zucutarr's Antique Weapon Emporium.
  5301 | D:6      | Noticed Sigmund
  5307 | D:6      | Killed Sigmund
  5308 | D:6      | Reached skill level 5 in Summonings
  5537 | D:6      | Reached skill level 5 in Spellcasting
  5537 | D:6      | Gained mutation: Spells you cast and wands you use may
                  | paralyse nearby enemies. [demonic ancestry]
  5537 | D:6      | Reached XP level 9. HP: 60/63 MP: 14/16
  5597 | D:6      | Noticed Pikel
  5611 | D:6      | Killed Pikel
  5631 | D:6      | Noticed an orange demon
  5634 | D:6      | Noticed a rust devil
  5639 | D:6      | Killed a kobold demonologist
  5640 | D:6      | Reached skill level 5 in Stealth
  6113 | Temple   | Entered the Ecumenical Temple
  6185 | Temple   | Became a worshipper of Vehumet
  6434 | D:7      | Identified a scroll of acquirement
  6434 | D:7      | Acquired Gebi's Octavo of Percussion and Spectres
  6885 | D:7      | Found a runed translucent gate.
  6885 | D:7      | Found a runed translucent gate.
  6885 | D:7      | Found a runed translucent gate.
  6887 | D:7      | Noticed BlasphemerAmon's ghost (novice FoFi)
  7221 | D:7      | Reached skill level 6 in Spellcasting
  7750 | D:8      | Reached skill level 5 in Poison Magic
  7750 | D:8      | Gained mutation: You have a pair of horns on your head.
                  | [demonic ancestry]
  7750 | D:8      | Reached XP level 10. HP: 70/70 MP: 5/19
  7773 | D:8      | Reached * piety under Vehumet
  7773 | D:8      | Offered knowledge of Shock by Vehumet.
  7777 | D:8      | Learned a level 1 spell: Shock
  7806 | D:8      | Reached skill level 1 in Long Blades
  7844 | D:8      | Noticed Erica
  7861 | D:8      | Killed Erica
  8314 | D:8      | Reached skill level 7 in Spellcasting
  8802 | D:9      | Reached skill level 5 in Air Magic
  8842 | D:9      | Reached skill level 5 in Conjurations
  9113 | D:9      | Reached XP level 11. HP: 65/75 MP: 18/22
  9172 | D:9      | Got Xuzud's Monograph on Obstruction
  9337 | D:9      | Offered knowledge of Static Discharge by Vehumet.
  9343 | D:9      | Reached ** piety under Vehumet
  9358 | D:9      | Learned a level 2 spell: Static Discharge
  9362 | D:9      | Learned a level 3 spell: Tukima's Dance
  9402 | D:9      | Noticed Maggie
  9402 | D:9      | Noticed a two-headed ogre
  9404 | D:9      | Noticed a two-headed ogre
  9414 | D:9      | Killed a two-headed ogre
  9415 | D:9      | Reached skill level 5 in Long Blades
  9421 | D:9      | Killed a two-headed ogre
  9427 | D:9      | Killed Maggie
  9428 | D:9      | Reached skill level 8 in Spellcasting
 10117 | D:10     | Entered Level 10 of the Dungeon
 10117 | D:10     | Found Oschikho's Jewellery Boutique.
 10119 | D:10     | Noticed Erolcha
 10258 | D:10     | Noticed a two-headed ogre
 10258 | D:10     | Noticed Snorg
 10271 | D:9      | HP: 3/75 [two-headed ogre/+0 giant club (14)]
 10276 | D:9      | Killed a two-headed ogre
 10525 | D:10     | Mangled by Snorg

Illustrated notes

Levels and vault maps discovered:
D:1:      mainiacjoe_arrival_reflecting_pool, layout_loops_corners,
          serial_glass, glass_columns_a, glass_columns_c, serial_shops,
          nicolae_shop_tiny_statue_garden
D:2:      layout_basic
D:3:      layout_loops_ring, serial_shops, shop, serial_bayou_ford_a,
          hellmonk_guarded_unrand_hermit
D:4:      layout_loops_ring
D:5:      layout_loops_ring, grunt_temple_overflow_champion_of_chaos,
          grunt_temple_overflow_diamond, minmay_temple_entry_water_ring,
          uniq_eustachio, uniq_crazy_yiuf_cottage, uniq_prince_ribbit1
D:6:      layout_loops_ring, serial_shops, shop, grunt_decor_cap, uniq_pikel,
          uniq_sigmund
D:7:      layout_basic, gammafunk_ghost_nasty_kobolds,
          kennysheep_generic_room_12
D:8:      layout_loops_ring, overflow_temple_1_default, minmay_manual_mares,
          uniq_erica
D:9:      layout_long_grid, uniq_maggie
D:10:     layout_cave_pools, minmay_lair_entry_grove, enter_bailey_3,
          nicolae_stop_n_shop_1, chequers_jeans, uniq_erolcha, uniq_snorg,
          uniq_nergalle
Temple:   kb_temple_of_zot

Skill      XL: |  1  2  3  4  5  6  7  8  9 10 11 |
---------------+----------------------------------+-----
Transmutations | 1 2 3 4 |  4.4
Short Blades   | 1 2 3 |  3.3
Spellcasting   | 2 3 4 5 6 7 8 |  8.4
Stealth        | 2 3 4 5 6 |  6.0
Summonings     | 4 5 |  5.9
Dodging        | 1 2 3 4 |  4.0
Poison Magic   | 4 5 |  5.4
Fighting       | 3 |  3.5
Conjurations   | 2 3 5 |  5.7
Air Magic      | 2 3 5 |  5.4
Long Blades    | 4 6 |  6.1
Throwing       | |  0.1
Armour         | |  0.3
Shields        | |  0.3
Evocations     | |  0.5

Action                     |  1- 3 |  4- 6 |  7- 9 | 10-12 || total
---------------------------+-------+-------+-------+-------++-------
  Melee: Dagger            |    79 |    69 |   145 |    15 ||   308
         Punch             |     1 |       |     2 |     2 ||     5
         Headbutt          |     1 |    14 |    26 |    24 ||    65
         Scimitar          |       |       |       |    87 ||    87
  Throw: Stone             |       |     1 |       |       ||     1
         Dart              |       |       |       |     5 ||     5
   Cast: Sting             |    17 |    17 |    36 |    27 ||    97
         Summon Small Mamm |    22 |    39 |    22 |    15 ||    98
         Call Canine Famil |       |       |    17 |    18 ||    35
         Mephitic Cloud    |       |       |    11 |    19 ||    30
         Shock             |       |       |       |     1 ||     1
  Evoke: Wand              |       |       |     3 |     5 ||     8
    Use: Scroll            |     1 |     9 |     5 |     4 ||    19
         Potion            |       |       |     1 |     3 ||     4
   Stab: Paralysed         |    12 |    32 |    29 |    29 ||   102
         Sleeping          |     2 |     1 |     4 |       ||     7
         Distracted        |     2 |       |       |     2 ||     4
         Confused          |       |       |     2 |     3 ||     5
 Armour: Robe              |    32 |    13 |    41 |    24 ||   110
         Swamp dragon scal |       |       |       |     5 ||     5
         Leather armour    |       |       |       |     4 ||     4
  Dodge: Dodged            |    62 |    29 |    62 |    79 ||   232
  Block: Other             |       |     4 |    51 |    55 ||   110
         Reflection        |       |       |       |     6 ||     6
